cohdb
Replays
Latest Replays
All Replays
Popular Replays
Top Player Replays
Match Explorer
How It Works
Community
CoH3 Stats
Reddit
Sign in to upload your games and track your stats! →
Sign in with Steam
Match 45420639
Unlisted
Match 45420639
Overview
Messages
Build Orders
End
Scout Squad
Construct Weapon Support Center
M1919 Machine Gun Team
Selects Heavy Weapons
Engineer Squad
M1919 Machine Gun Team
Engineer Squad
Infantry Support Center
Scout Squad
Selects M2HB .50cal Heavy Machine Gun
M3 Armored Personnel Carrier
Bazooka Squad
Selects Assault Carriers
Construct Medical Station
Bazooka Squad
Selects Exchangeable Parts
Bazooka Squad
M3 Assault Carrier
M1919 Machine Gun Team
Engineer Squad
M1919 Machine Gun Team
Rei
UMirinBrah?
0
0
Comments
sign in to comment!
No comments posted yet!